 Dungeon Crawl Stone Soup version 0.20.0-10-g0535bb4 (webtiles) character file.

1927 Gorglomux the Spear-Bearer (level 9, 0/73 HPs)
             Began as a Merfolk Venom Mage on June 7, 2017.
             Was a Believer of Uskayaw.
             Succumbed to Dowan's poison
             ... on level 7 of the Dungeon.
             The game lasted 00:13:17 (8387 turns).

Gorglomux the Spear-Bearer (Merfolk Venom Mage)     Turns: 8387, Time: 00:13:18

Health: 0/73       AC:  2    Str: 11    XL:     9   Next: 17%
Magic:  12/12      EV: 16    Int: 16    God:    Uskayaw [**....]
Gold:   359        SH:  0    Dex: 15    Spells: 9/12 levels left

rFire    + + .     SeeInvis .   n - +0 spear
rCold    + . .     Gourm    +   (no shield)
rNeg     + . .     Faith    .   a - +0 robe
rPois    +         Spirit   .   (no helmet)
rElec    +         Reflect  .   (no cloak)
rCorr    +         Harm     .   L - +0 pair of gloves
MR       .....                  (no boots)
Stlth    ++........             U - amulet of the gourmand
Regen    0.3/turn               F - ring of positive energy
MPRegen  0.2/turn               l - ring of flight

@: lethally poisoned (0 -> -29), resistant, very slightly contaminated, hasted,
very quick
A: change form in water, swift swim, stealthy swim, clever 1, deformed body,
deterioration 1, fire resistance 1
a: Stomp, Line Pass, Renounce Religion, Evoke Flight


You were on level 7 of the Dungeon.
You worshipped Uskayaw.
Uskayaw was noncommittal.
You were hungry.

You visited 2 branches of the dungeon, and saw 8 of its levels.

You collected 359 gold pieces.

Inventory:

Hand Weapons
 n - a +0 spear (weapon)
Armour
 a - a +0 robe (worn)
 L - a +0 pair of gloves (worn)
Jewellery
 g - an uncursed amulet of magic regeneration
 l - a ring of flight (right hand)
 F - a ring of positive energy (left hand)
 U - an amulet of the gourmand (around neck)
Wands
 A - a wand of acid (6/15)
 I - a wand of iceblast (1/15)
 P - a wand of paralysis (14/24)
Scrolls
 h - 2 scrolls of immolation {unknown}
 i - 4 scrolls of remove curse {unknown}
 j - a scroll of magic mapping {unknown}
 m - a scroll of recharging {unknown}
 p - a scroll of enchant weapon {unknown}
 q - 2 scrolls of blinking {unknown}
 B - a scroll of fog {unknown}
 D - 4 scrolls of identify {unknown}
 H - 3 scrolls of teleportation {unknown}
Potions
 d - a potion of resistance
 o - a potion of mutation {!q}
 K - a potion of heal wounds {unknown}
 R - a potion of magic
 V - a potion of curing {unknown}
 W - a potion of lignification {unknown}
Books
 b - a Young Poisoner's Handbook

   Spells                             Type                      Level
   a - Sting                          Conjuration/Poison           1
   b - Poisonous Vapours              Poison/Air                   2
   c - Mephitic Cloud                 Conjuration/Poison/Air       3
   d - Olgreb's Toxic Radiance        Poison                       4
   e - Venom Bolt                     Conjuration/Poison           5
Comestibles
 c - 2 bread rations
 z - 2 meat rations
 J - 2 royal jellies
 T - 3 fruits


   Skills:
 + Level 7.6 Fighting
 + Level 9.7 Polearms
 + Level 6.2 Dodging
 - Level 2.1 Stealth
 - Level 2.0 Spellcasting
 - Level 0.7 Conjurations
 - Level 3.2 Poison Magic
 + Level 4.5 Invocations


You had 9 spell levels left.
You knew the following spells:

 Your Spells              Type           Power        Failure   Level  Hunger
a - Sting                 Conj/Pois      #...         9%          1    #......
b - Poisonous Vapours     Pois/Air       #.....       16%         2    ###....


Dungeon Overview and Level Annotations

Branches:
Dungeon (7/15)             Temple (1/1) D:5

Altars:
Ashenzari
Cheibriados
Elyvilon
Fedhas
Gozag
Kikubaaqudgha
Makhleb
Nemelex Xobeh
Okawaru
Qazlal
Ru
Sif Muna
Trog
Uskayaw
Vehumet
Yredelemnul
Zin
The Shining One

Annotations:
D:7 Dowan


Innate Abilities, Weirdness & Mutations

You revert to your normal form in water.
You are very nimble and swift while swimming.
You are very stealthy in the water. (Stealth+)
Your mind is acute. (Int +2)
Armour fits poorly on your strangely shaped body.
Your body sometimes deteriorates upon taking damage.
Your flesh is heat resistant. (rF+)


Message History

You don't have enough magic at the moment.
It was a potion of resistance.
You feel protected.
* * * LOW HITPOINT WARNING * * *
You feel sick. Dowan hits you but does no damage. x2
You are lethally poisoned!
It was a potion of mutation.
You feel extremely strange.
You feel resistant to heat.
You feel yourself wasting away.
Your body twists and deforms.
You feel clever.
* * * LOW HITPOINT WARNING * * *
You feel sick. Dowan barely misses you.
It was a potion of magic.
Magic courses through your body.
* * * LOW HITPOINT WARNING * * *
You feel sick. Dowan hits you with a dagger of venom.
* * * LOW HITPOINT WARNING * * *
Dowan hits you with a dagger of venom.
* * * LOW HITPOINT WARNING * * *
You are more poisoned.
It was a potion of haste.
You feel yourself speed up.
You die...

..# #.# #.# #####
#####.####...# .
##.......e....# #.
##...##.####...#
##..#.....#.##......).#
#...#.....#)##.##.###.#
#......e@(##. e# #
..#.....#### .# ##...##
.# ##.## ## #...##
#....## #.....##
#......# #......+


You could see Dowan.

Vanquished Creatures
  Pikel (D:6)
  Duvessa (D:7)
  A sky beast (D:6)
  A centaur (D:5)
  4 ogres
  Blork the orc (D:6)
  A scorpion (D:5)
  A howler monkey (D:4)
  2 crimson imps
  A centaur zombie (D:5)
  An orc priest (D:4)
  3 hounds
  A jelly (D:5)
  A bullfrog skeleton (D:4)
  4 orc wizards (D:4)
  Terence (D:2)
  A worker ant (D:5)
  A killer bee zombie (D:6)
  2 hound skeletons
  Robin (D:2)
  A worker ant zombie (D:6)
  4 adders
  A shadow imp (D:7)
  2 oozes
  2 worms (D:2)
  2 dart slugs
  7 leopard geckos
  16 orcs
  2 ball pythons (D:3)
  7 giant cockroaches
  10 hobgoblins
  5 jackals
  6 kobolds
  3 quokkas
  5 bats
  5 frilled lizards
  15 goblins
  A quokka skeleton (D:4)
  6 rats
130 creatures vanquished.

Vanquished Creatures (others)
  4 gnolls (D:6)
4 creatures vanquished.

Grand Total: 134 creatures vanquished

Notes
Turn   | Place    | Note
-------+----------+-------------------------------------------
     0 | D:1      | Gorglomux the Merfolk Venom Mage began the quest for the Orb.
     0 | D:1      | Reached XP level 1. HP: 13/13 MP: 3/3
    79 | D:1      | Reached skill level 1 in Fighting
   468 | D:1      | Reached XP level 2. HP: 22/22 MP: 3/5
  1020 | D:1      | Learned a level 2 spell: Poisonous Vapours
  1504 | D:2      | Reached XP level 3. HP: 28/28 MP: 0/6
  1557 | D:2      | Found a stormy altar of Qazlal.
  1655 | D:2      | Reached skill level 1 in Polearms
  1928 | D:2      | Found a basalt altar of Yredelemnul.
  1928 | D:2      | Noticed Robin
  1960 | D:2      | Killed Robin
  1960 | D:2      | Reached skill level 2 in Polearms
  2310 | D:2      | Reached XP level 4. HP: 34/34 MP: 2/7
  2323 | D:2      | Reached skill level 3 in Polearms
  2374 | D:2      | Found a sacrificial altar of Ru.
  2386 | D:2      | Found an ancient bone altar of Kikubaaqudgha.
  2386 | D:2      | Found a shattered altar of Ashenzari.
  2482 | D:2      | Noticed Terence
  2498 | D:2      | Killed Terence
  2498 | D:2      | Reached skill level 3 in Fighting
  3056 | D:3      | Found a glowing silver altar of Zin.
  3641 | D:3      | Reached skill level 4 in Polearms
  3641 | D:3      | Reached XP level 5. HP: 32/42 MP: 2/8
  4098 | D:3      | Found a bloodstained altar of Trog.
  4586 | D:4      | Reached skill level 5 in Polearms
  4659 | D:4      | Reached XP level 6. HP: 26/49 MP: 5/9
  4934 | D:4      | Reached skill level 6 in Polearms
  5041 | D:4      | Reached XP level 7. HP: 29/56 MP: 0/10
  5576 | D:4      | Reached skill level 7 in Polearms
  5770 | D:5      | Entered Level 5 of the Dungeon
  5802 | D:5      | Found a staircase to the Ecumenical Temple.
  5821 | Temple   | Entered the Ecumenical Temple
  5978 | Temple   | Became a worshipper of Uskayaw the Reveler
  6033 | D:5      | Reached * piety under Uskayaw
  6063 | D:5      | Reached ** piety under Uskayaw
  6064 | D:5      | Reached skill level 6 in Fighting
  6281 | D:5      | Reached skill level 3 in Dodging
  6281 | D:5      | Reached skill level 1 in Invocations
  6286 | D:5      | Reached *** piety under Uskayaw
  6525 | D:5      | Reached skill level 8 in Polearms
  6525 | D:5      | Reached XP level 8. HP: 63/65 MP: 5/11
  7380 | D:6      | Noticed Pikel
  7403 | D:6      | Killed Pikel
  7403 | D:6      | Reached skill level 9 in Polearms
  7403 | D:6      | Reached skill level 3 in Invocations
  7598 | D:6      | Noticed Blork the orc
  7611 | D:6      | Killed Blork the orc
  7611 | D:6      | Reached XP level 9. HP: 71/72 MP: 9/12
  7771 | D:6      | Reached skill level 6 in Dodging
  7843 | D:6      | Found a burning altar of Makhleb.
  7945 | D:6      | Found a deep blue altar of Sif Muna.
  8359 | D:7      | Noticed Duvessa
  8362 | D:7      | Noticed Dowan
  8377 | D:7      | Killed Duvessa
  8385 | D:7      | Gained mutation: Your flesh is heat resistant. (rF+) [potion of mutation]
  8385 | D:7      | Gained mutation: Your body sometimes deteriorates upon taking damage. [potion of mutation]
  8385 | D:7      | Gained mutation: Armour fits poorly on your strangely shaped body. [potion of mutation]
  8385 | D:7      | Gained mutation: Your mind is acute. (Int +2) [potion of mutation]
  8386 | D:7      | HP: 3/73 [Dowan/dagger of venom (5)]
  8387 | D:7      | Succumbed to Dowan's poison

Skill      XL: |  1  2  3  4  5  6  7  8  9 |
---------------+----------------------------+-----
Fighting       | 1 2 3 4 5 6 7 |  7.6
Polearms       | 2 4 5 6 8 9 |  9.7
Dodging        | 3 5 6 |  6.2
Invocations    | 1 4 |  4.5
Stealth        | |  2.1
Spellcasting   | |  2.0
Conjurations   | |  0.7
Poison Magic   | |  3.2

Action                   |  1- 3 |  4- 6 |  7- 9 || total
-------------------------+-------+-------+-------++-------
Melee: Unarmed           |    43 |       |       ||    43
       Spear             |    50 |   229 |   293 ||   572
 Cast: Sting             |    62 |    71 |    12 ||   145
       Poisonous Vapours |     5 |     8 |    28 ||    41
Invok: Stomp             |       |       |     3 ||     3
  Use: Potion            |       |       |     4 ||     4
 Stab: Sleeping          |     1 |     5 |     2 ||     8
       Paralysed         |       |       |     1 ||     1
  Eat: Chunk             |     5 |    13 |    11 ||    29
       Royal jelly       |       |       |     1 ||     1
Armor: Robe              |    28 |    32 |    24 ||    84
Dodge: Dodged            |   102 |   125 |   131 ||   358
